 Dungeon Crawl Stone Soup version 0.30-b1-2-g02819fbbbe (webtiles) character file.

Game seed: 8737765010044106091

20888 Borgoz the Basher (level 12, -1/78 HPs)
             Began as a Gargoyle Berserker on June 17, 2023.
             Was an Elder of Trog.
             Slain by a basilisk (13 damage)
             ... on level 11 of the Dungeon.
             The game lasted 00:40:32 (11964 turns).

Borgoz the Basher (Gargoyle Berserker)             Turns: 11964, Time: 00:40:33

Health: -1/78      AC: 11    Str: 22    XL:     12   Next: 84%
Magic:  12/12      EV: 19    Int:  8    God:    Trog [****..]
Gold:   218        SH:  6    Dex: 13    Spells: 11/11 levels left

rFire   + + .        b - +2 demon whip (venom)
rCold   + . .        w - +0 buckler
rNeg    + . .        m - +3 troll leather armour
rPois   ∞            u - +0 helmet
rElec   +            v - scarf {rC+ rF+}
rCorr   .            (no gloves)
SInv    .            (no boots)
Will    .....        R - amulet of regeneration
Stlth   +            q - +5 ring of evasion
HPRegen 1.93/turn    l - ring of protection from fire
MPRegen 0.13/turn

%: no passive effects
@: corroded, on berserk cooldown, slowed, very slow
A: sickness immunity, AC +8, negative energy resistance 1, electricity
resistance, torment resistance 1, petrification resistance
a: Renounce Religion, Berserk, Trog's Hand, Brothers in Arms


You were on level 11 of the Dungeon.
You worshipped Trog.
Trog was greatly pleased with you.
You visited 2 branches of the dungeon, and saw 12 of its levels.
You also visited: Bailey.

You collected 674 gold pieces.
You spent 456 gold pieces at shops.

Inventory:

Hand Weapons
 a - a +3 dire flail of protection
 b - a +2 demon whip of venom (weapon)
 Q - a +4 antimagic great mace
Missiles
 p - 68 poisoned darts (quivered)
 J - 13 curare-tipped darts
 O - a throwing net
Armour
 m - a +3 troll leather armour (worn)
 u - a +0 helmet (worn)
 v - a scarf of resistance (worn)
 w - a +0 buckler (worn)
 x - a +1 chain mail of fire resistance
 z - a +2 scale mail of cold resistance
 L - a +2 cloak of willpower
Jewellery
 j - a ring of flight
 l - a ring of protection from fire (right hand)
 n - a ring of protection from fire
 q - a +5 ring of evasion (left hand)
 D - a ring of ice
 E - a +4 ring of protection
 F - an amulet of the acrobat
 I - the ring "Qucijuzo" {Fire SInv}
   (You found it on level 7 of the Dungeon)

   [ring of fire]

   It enhances your fire magic.
   rF:        It protects you from fire.
   rC:        It makes you vulnerable to cold.
   SInv:      It lets you see invisible.
 R - an amulet of regeneration (around neck)
Wands
 k - a wand of polymorph (18)
 r - a wand of flame (35)
 y - a wand of mindburst (14)
Scrolls
 d - 2 scrolls of butterflies
 g - 4 scrolls of silence
 h - 6 scrolls of teleportation
 B - 3 scrolls of fog
 C - 3 scrolls of blinking
 M - a scroll of immolation
 S - a scroll of enchant armour
 U - a scroll of identify
Potions
 c - 3 potions of invisibility {unknown}
 e - 6 potions of haste
 f - 4 potions of mutation
 i - 6 potions of curing
 o - 3 potions of magic
 s - a potion of cancellation
 t - 5 potions of attraction
 A - 3 potions of might
 G - 2 potions of heal wounds
 H - 2 potions of ambrosia {unknown}
 K - a potion of lignification {unknown}
 N - a potion of resistance
 P - 2 potions of brilliance {unknown}
 T - a potion of berserk rage {unknown}


   Skills:
 + Level 10.4 Fighting
 * Level 12.3 Maces & Flails
 + Level 10.2 Armour
 + Level 7.8 Dodging
 + Level 8.3 Shields


You had 11 spell levels left.
You didn't know any spells.
Your spell library was empty.

Dungeon Overview and Level Annotations

Branches:
Dungeon (11/15)            Temple (1/1) D:7            Lair (0/5) D:8
    Orc (0/2) D:11         Bailey (visited)

Altars:
Ashenzari
Cheibriados
Dithmenos
Elyvilon
Fedhas
Gozag
Hepliaklqana
Kikubaaqudgha
Makhleb
Nemelex Xobeh
Okawaru
Qazlal
Ru
Sif Muna
Trog
Uskayaw
Vehumet
Wu Jian
Xom
Yredelemnul
Zin
The Shining One

Shops:
D:2 [*:   D:3 (   D:5 [**   D:9 ?   D:10 *

Annotations:
D:10 Psyche


Innate Abilities, Weirdness & Mutations

You are immune to sickness and miasma.
Your stone body is resilient. (AC +8)
You are immune to poison.
You resist negative energy. (rN+)
You are resistant to electric shocks. (rElec)
You are resistant to unholy torment.
You are immune to petrification.


Message History

You miss the vampire mosquito.
The vampire mosquito is severely damaged.
The basilisk gazes at you.
You are unaffected.
You barely miss the vampire mosquito.
The vampire mosquito is severely damaged.
The vampire mosquito bites you.
* * * LOW HITPOINT WARNING * * *
You whack the vampire mosquito!
You destroy the vampire mosquito!
Trog accepts your kill.
You see here a vampire mosquito corpse.
You are too berserk!
You feel a strong urge to attack something.
The two-headed ogre hits you with a +0 giant spiked club!!
* * * LOW HITPOINT WARNING * * *
The two-headed ogre hits you but does no damage.
The basilisk bites you.
* * * LOW HITPOINT WARNING * * *
You closely miss the two-headed ogre. You whack the two-headed ogre!
The two-headed ogre is poisoned.
The two-headed ogre is moderately wounded.
You are too berserk!
You hit the two-headed ogre.
The two-headed ogre looks as sick as possible!
The two-headed ogre is moderately wounded.
The basilisk gazes at you.
You are unaffected.
The walls and floor vibrate strangely for a moment.
You thrash the two-headed ogre!!
The two-headed ogre looks as sick as possible!
The two-headed ogre is almost dead.
You whack the two-headed ogre!
You kill the two-headed ogre!
Trog accepts your kill.
You are no longer berserk.
You are exhausted.
You feel yourself slow down.
You feel better. The basilisk bites you!
You die...

##.##.# #..#. ##..##.#
#..#. ..# ##...# .# #..#.
...# ##....##.###..#.
....# ##.....##......#. ##
..... #..#...........#. 8#
...... #..#.)(...##...#.
.#
......####..#......##...#.
.#
......$.)@..#......##...#.
.#
........l...#......##.....
8#
.......)....#......##.....
##
............#......##.....
#
............#......##.....
#
............#......##.....
#
............#......##.....
#
............#......##.....
#
............#......##.....


You could see a basilisk.

Vanquished Creatures
  2 vault guards (Bailey)
  Erica (D:8)
  2 two-headed ogres (D:11)
  Amaemon (D:8)
  The ghost of diceflayer the Shooter, a novice DsHu (D:6)
  A cyclops (D:7)
  Joseph (D:7)
  Maurice (D:8)
  An orange demon (D:8)
  2 unseen horrors
  2 kobold demonologists
  A rime drake (D:8)
  5 trolls
  A hornet (D:9)
  Grinder (D:3)
  Prince Ribbit (Bailey)
  Sigmund (D:2)
  A wraith (D:10)
  8 yaks (D:9)
  Grum (D:10)
  A wyvern (D:9)
  6 humans (Bailey)
  6 vampire mosquitoes
  2 steam dragons
  Edmund (D:4)
  An acid dragon (D:11)
  Menkaure (D:5)
  Duvessa (D:5)
  2 water moccasins
  5 orc warriors
  7 ice beasts
  5 black bears
  An ogre (D:4)
  9 centaurs
  6 wolves
  A phantom (D:7)
  Blork the orc (D:6)
  14 kobold brigands
  12 bullfrogs
  4 gnoll sergeants
  2 scorpions
  13 wights
  Dowan (D:5)
  10 killer bees
  3 jellies
  2 howler monkeys (D:7)
  3 hounds
  3 orc priests
  Crazy Yiuf (D:4)
  A gnoll bouda (D:7)
  5 iguanas
  Natasha (thrice) (D:3)
  Terence (D:3)
  19 orc wizards
  2 sleepcaps
  20 gnolls
  8 adders
  2 white imps (D:7)
  2 ufetubi (D:5)
  A worm (D:3)
  2 dart slugs
  45 orcs
  10 ball pythons
  3 bats
  7 endoplasms
  2 giant cockroaches
  15 goblins
  13 hobgoblins
  2 jackals (D:3)
  24 kobolds
  3 quokkas
  4 frilled lizards
  7 rats
360 creatures vanquished.

Vanquished Creatures (collateral kills)
  A vampire mosquito (D:11)
  An orc warrior (D:11)
  A kobold brigand (D:11)
  4 gnoll sergeants (D:11)
  2 gnolls (D:11)
  An orc (D:11)
10 creatures vanquished.

Vanquished Creatures (others)
  3 fungi (D:6)
  A plant (D:6)
4 creatures vanquished.

Grand Total: 374 creatures vanquished

Notes
Turn   | Place    | Note
-------+----------+-------------------------------------------
     0 | D:1      | Borgoz the Gargoyle Berserker began the quest for the Orb.
     0 | D:1      | Reached XP level 1. HP: 14/14 MP: 1/1
    50 | D:1      | Reached XP level 2. HP: 13/19 MP: 2/2
   326 | D:1      | Reached XP level 3. HP: 21/23 MP: 3/3
   682 | D:2      | Found a bloodstained altar of Trog.
   743 | D:2      | Found Gylenor's Assorted Antiques.
   836 | D:3      | Reached ** piety under Trog
   837 | D:3      | Reached XP level 4. HP: 29/29 MP: 4/4
  1074 | D:2      | Noticed Sigmund
  1093 | D:2      | Killed Sigmund
  1094 | D:2      | Reached skill level 4 in Maces & Flails
  1094 | D:2      | Reached XP level 5. HP: 31/34 MP: 5/5
  1094 | D:2      | Reached XP level 6. HP: 36/39 MP: 6/6
  1368 | D:2      | Bought an orange potion for 24 gold pieces
  1369 | D:2      | Found Yshra's Antique Armour Emporium.
  1442 | D:2      | Identified the +1 robe "Qeddav" {Str+3}
  1577 | D:2      | Found Nekuoky's Book Emporium.
  1791 | D:3      | Noticed Grinder
  1824 | D:3      | Paralysed by Grinder for 2 turns
  1828 | D:3      | Killed Grinder
  1829 | D:3      | Reached skill level 5 in Fighting
  1829 | D:3      | Reached XP level 7. HP: 30/44 MP: 7/7
  1909 | D:3      | You are sucked into a shaft and drop 3 floors!
  2118 | D:6      | Reached skill level 5 in Maces & Flails
  2121 | D:6      | Reached skill level 5 in Armour
  2128 | D:6      | Reached XP level 8. HP: 18/51 MP: 8/8
  3017 | D:5      | Entered Level 5 of the Dungeon
  3017 | D:5      | Noticed Blork the orc
  3033 | D:6      | Killed Blork the orc
  3073 | D:5      | Noticed Duvessa
  3090 | D:6      | Reached skill level 6 in Maces & Flails
  3090 | D:6      | Reached skill level 1 in Shields
  3334 | D:5      | Killed Duvessa
  3368 | D:5      | Noticed Dowan
  3370 | D:5      | Found a stormy altar of Qazlal.
  3370 | D:5      | Found a hazy altar of Hepliaklqana.
  3389 | D:5      | Killed Dowan
  3425 | D:5      | Noticed Menkaure
  3439 | D:5      | Killed Menkaure
  3440 | D:5      | Reached XP level 9. HP: 19/56 MP: 9/9
  3728 | D:5      | Found Wagejied's Antique Armour Boutique.
  3751 | D:4      | Found a bloodstained altar of Trog.
  3752 | D:4      | Noticed Edmund
  3770 | D:4      | Killed Edmund
  3771 | D:4      | Reached skill level 7 in Maces & Flails
  3938 | D:4      | Found a runed translucent door.
  3939 | D:4      | Noticed Crazy Yiuf
  3947 | D:4      | Killed Crazy Yiuf
  4093 | D:4      | Reached skill level 5 in Dodging
  4749 | D:3      | Noticed Natasha
  4757 | D:3      | Killed Natasha
  4762 | D:3      | Found Ysaumm's Antique Weapon Emporium.
  4783 | D:3      | Noticed Terence
  4790 | D:3      | Killed Terence
  4895 | D:3      | Noticed Natasha
  4909 | D:3      | Killed Natasha
  4944 | D:3      | Noticed Natasha
  4951 | D:3      | Killed Natasha
  5418 | D:5      | Reached *** piety under Trog
  5568 | D:5      | Found Ataafiab's Fire Supplies.
  5711 | D:5      | Found a radiant altar of Vehumet.
  5715 | D:5      | Found a blossoming altar of Fedhas.
  5722 | D:5      | Found a glowing silver altar of Zin.
  5725 | D:5      | Found an iron altar of Okawaru.
  5766 | D:5      | Found Laciac's Gadget Gallery.
  6193 | D:6      | Found a runed translucent gate.
  6193 | D:6      | Found a runed translucent gate.
  6193 | D:6      | Found a runed translucent gate.
  6193 | D:6      | Noticed a kobold demonologist
  6197 | D:6      | Noticed diceflayer's ghost (novice DsHu)
  6466 | D:7      | Found a flagged portal.
  6520 | Bailey   | Entered a bailey
  6557 | Bailey   | Reached skill level 8 in Maces & Flails
  6608 | Bailey   | Reached XP level 10. HP: 63/63 MP: 10/10
  6785 | Bailey   | Noticed Prince Ribbit
  6785 | Bailey   | Noticed a vault guard
  6804 | Bailey   | Killed a vault guard
  6812 | Bailey   | Killed Prince Ribbit
  6872 | Bailey   | Noticed a vault guard
  6887 | Bailey   | Killed a vault guard
  6888 | Bailey   | Reached skill level 9 in Maces & Flails
  6888 | Bailey   | Reached skill level 5 in Shields
  7153 | D:7      | Noticed Joseph
  7166 | D:7      | Killed Joseph
  7258 | D:7      | Found a staircase to the Ecumenical Temple.
  7294 | Temple   | Entered the Ecumenical Temple
  7818 | D:7      | Noticed a cyclops
  7824 | D:7      | Killed a cyclops
  7825 | D:7      | Reached XP level 11. HP: 69/69 MP: 11/11
  7888 | D:7      | Reached **** piety under Trog
  7904 | D:7      | Identified the ring "Qucijuzo" {Fire SInv}
  8396 | D:8      | Noticed Maurice
  8396 | D:8      | Noticed Amaemon
  8425 | D:8      | Reached skill level 10 in Maces & Flails
  8462 | D:8      | Killed Amaemon
  8472 | D:8      | Killed Maurice
  8603 | D:8      | Found a staircase to the Lair.
  8986 | D:8      | Noticed Erica
  9002 | D:8      | Killed Erica
  9116 | D:9      | Found Eweph's Magic Scroll Shop.
  9365 | D:2      | Bought a shiny troll leather armour for 432 gold pieces
  9651 | D:6      | Killed diceflayer's ghost
  9652 | D:6      | Reached skill level 11 in Maces & Flails
  9843 | D:9      | Reached XP level 12. HP: 77/77 MP: 12/12
  9954 | D:9      | Reached ***** piety under Trog
 10357 | D:10     | Entered Level 10 of the Dungeon
 10440 | D:10     | Found Unwist's General Store.
 10487 | D:10     | Noticed Grum
 10496 | D:10     | Reached skill level 10 in Fighting
 10513 | D:10     | Killed Grum
 11097 | D:10     | Noticed Psyche
 11476 | D:11     | Received a gift from Trog
 11596 | D:11     | Found a staircase to the Orcish Mines.
 11613 | D:11     | Reached skill level 12 in Maces & Flails
 11655 | D:11     | Reached skill level 10 in Armour
 11741 | D:11     | Found a gate leading to a gauntlet.
 11888 | D:11     | Noticed a two-headed ogre
 11895 | D:11     | Killed a two-headed ogre
 11930 | D:11     | Noticed a two-headed ogre
 11957 | D:11     | HP: 2/117 [basilisk (4)]
 11963 | D:11     | Killed a two-headed ogre
 11964 | D:11     | Slain by a basilisk

Illustrated notes

Levels and vault maps discovered:
D:1:      dpeg_arrival_short_road, layout_rooms, chequers_serial_rivers_room_b
D:2:      layout_loops_ring, serial_shops, nicolae_shop_behind_doors, shop,
          shop, basic_altar, grunt_ministairs_12, kennysheep_cluttered_room,
          nicolae_figureground_pulse, uniq_sigmund
D:3:      layout_basic, serial_shops, nicolae_shop_advertising_works
          [nicolae_subvault_shop_adworks], guppyfry_early_orc_mine,
          uniq_natasha, uniq_terence, uniq_grinder
D:4:      layout_loops_ring, trog_ov_bears_minmay,
          minmay_a_box_with_orc_wizards_in_it, uniq_crazy_yiuf_cottage,
          uniq_edmund
D:5:      layout_loops_ring, nicolae_overflow_hallway_of_the_gods, serial_shops,
          shop, hangedman_decor_opposing, nicolae_shop_fire_sale
          [nicolae_sub_dead_trees], nicolae_shop_gadgets, uniq_menkaure,
          uniq_duvessa, uniq_blork_the_orc
D:6:      layout_loops_corners, gammafunk_ghost_nasty_kobolds
D:7:      minmay_blocky_corners, layout_basic, minmay_temple_entry_glass,
          enter_bailey_5, minmay_misc_feat_enclosed, chequers_decorated_corner,
          uniq_joseph
D:8:      layout_gridville, hellmonk_lair_entry_icy, minivault_10, uniq_erica,
          uniq_maurice, uniq_amaemon
D:9:      layout_rooms, nicolae_concentric_dashed_squares_wild,
          nicolae_stop_n_shop_2, minmay_fractal_squares_diagonal_5
D:10:     layout_cave_pods, serial_shops, shop, uniq_psyche, uniq_grum
D:11:     minmay_roctagon, layout_long_grid,
          kennysheep_orc_monster_closet_entryway, gauntlet_entry_generic
Temple:   nicolae_temple_superstar

Skill      XL: |  1  2  3  4  5  6  7  8  9 10 11 12 |
---------------+-------------------------------------+-----
Dodging        | 2 3 4 5 6 7 |  7.8
Armour         | 3 4 5 6 7 8 9 10 | 10.2
Fighting       | 4 5 6 7 8 9 10 | 10.4
Maces & Flails | 4 5 6 8 9 11 12 | 12.3
Shields        | 2 4 5 7 8 |  8.3

Action                     |  1- 3 |  4- 6 |  7- 9 | 10-12 || total
---------------------------+-------+-------+-------+-------++-------
  Melee: Mace              |    82 |    63 |    59 |       ||   204
         Flail             |       |       |   308 |       ||   308
         Dire flail        |       |       |    71 |   392 ||   463
         Demon whip        |       |       |       |   463 ||   463
         Unarmed           |       |       |       |     3 ||     3
  Throw: Dart              |       |       |       |     3 ||     3
         Throwing net      |       |       |       |     1 ||     1
 Invoke: Berserk           |     2 |     3 |    21 |    15 ||    41
         Trog's Hand       |       |     2 |     3 |     4 ||     9
         Brothers in Arms  |       |       |       |     2 ||     2
  Evoke: Wand              |       |       |       |     1 ||     1
    Use: Scroll            |       |     3 |     8 |    15 ||    26
         Potion            |       |       |     1 |     5 ||     6
 Armour: Animal skin       |    47 |     4 |       |       ||    51
         Ring mail         |       |    32 |    45 |       ||    77
         Scale mail        |       |       |   109 |       ||   109
         Chain mail        |       |       |    69 |   256 ||   325
         Troll leather arm |       |       |       |   126 ||   126
  Dodge: Dodged            |    66 |    18 |   346 |   790 ||  1220
  Block: Buckler           |       |       |    67 |   123 ||   190
